 Dungeon Crawl Stone Soup version 0.25-a0-294-gea9b1ad378 (webtiles) character file.

Game seed: 11779790052132393403, levelgen mode: classic

91 Borgoz the Ruffian (level 4, -8/40 HPs)
             Began as a Ghoul Monk on Dec 17, 2019.
             Killed from afar by an orc wizard (10 damage)
             ... with a puff of flame
             ... on level 3 of the Dungeon.
             The game lasted 00:02:46 (2287 turns).

Borgoz the Ruffian (Ghoul Monk)                     Turns: 2287, Time: 00:02:46

Health: -8/40      AC:  3    Str: 14    XL:     4   Next: 57%
Magic:  3/3        EV: 13    Int:  5    God:
Gold:   110        SH:  0    Dex: 12    Spells: 3/3 levels left

rFire    . . .     SeeInvis .     - Unarmed
rCold    + . .     Gourm    .   (no shield)
rNeg     + + +     Faith    .   a - +0 leather armour
rPois    ∞         Spirit   .   (no helmet)
rElec    .         Reflect  .   (no cloak)
rCorr    .         Harm     .   (no gloves)
MR       .....                  (no boots)
Stlth    ++........             (no amulet)
HPRegen  0.00/turn              (no ring)
MPRegen  0.08/turn              (no ring)

@: rotting
A: rotting body, claws 1, carnivore, cold resistance 1, negative energy
resistance 3, inhibited regeneration, torment resistance, unbreathing
a: no special abilities


You were on level 3 of the Dungeon.
You were not hungry.

You visited 1 branch of the dungeon, and saw 3 of its levels.

You collected 110 gold pieces.

Inventory:

Armour
 a - a +0 leather armour (worn)
Jewellery
 n - an uncursed ring of protection from fire
Scrolls
 h - 2 scrolls of remove curse
 i - 2 scrolls of identify {unknown}
 k - a scroll of enchant weapon {unknown}
 l - a scroll of immolation {unknown}
 m - a scroll of amnesia {unknown}
Potions
 c - a potion of resistance {unknown}
 d - a potion of flight {unknown}
 e - a potion of haste {unknown}
 f - a potion of cancellation {unknown}
 g - a potion of agility {unknown}
 j - a potion of brilliance {unknown}
Comestibles
 b - 6 rations


   Skills:
 + Level 3.7 Fighting
 + Level 1.2 Armour
 * Level 3.4 Dodging
 - Level 2.1 Stealth
 * Level 4.3 Unarmed Combat


You had 3 spell levels left.
You didn't know any spells.
Your spell library was empty.

Dungeon Overview and Level Annotations

Branches:
Dungeon (3/15)

Altars:
Vehumet
Yredelemnul


Innate Abilities, Weirdness & Mutations

Your body is rotting away.
You thrive on raw meat.
You are immune to poison.
You have sharp fingernails.
You are carnivorous and can eat meat at any time.
Your flesh is cold resistant. (rC+)
You are immune to negative energy. (rN+++)
You do not regenerate when monsters are visible.
You are immune to unholy pain and torment.
You can survive without breathing.


Message History

You butcher the orc corpse.
Something hits you.
* * * LOW HITPOINT WARNING * * *
Items here: % ) [ ÷ a +0 trident; a +0 chain mail; a chunk of flesh; an orc skeleton Eat a chunk of flesh? (ye/n/q)
You eat the chunk of flesh.
This raw flesh tastes great!
Something hits you.
* * * LOW HITPOINT WARNING * * *
Okay, then.
Something hits you.
* * * LOW HITPOINT WARNING * * *
Something barely misses you.
Items here: % ( )) ÷ a +0 club; a +0 hunting sling; 8 stones; a chunk of flesh; a goblin skeleton Eat a chunk of flesh? (ye/n/q)
You eat the chunk of flesh.
This raw flesh tastes great!
Something hits you.
* * * LOW HITPOINT WARNING * * *
You hear some strange, mumbled words.
A puff of flame appears from out of thin air!
The puff of flame hits you!
You die...

#..........#
#..........#
#..........#
######.(........###
...................
#.<.........#
##...........#
#............##
#...@..........
##..[..w........
.........)).......
####......÷.......
##.....).......
#...#...##....
###.#.........
#.#.....#.#.
#.......#


You could see a worm.

Vanquished Creatures
  3 adders (D:2)
  An ooze (D:1)
  A worm (D:2)
  2 leopard geckos
  2 orcs (D:3)
  A ball python (D:1)
  3 giant cockroaches (D:1)
  7 goblins
  7 hobgoblins
  3 jackals (D:1)
  4 bats
  5 frilled lizards
  7 kobolds
  7 rats
53 creatures vanquished.

Notes
Turn   | Place    | Note
-------+----------+-------------------------------------------
     0 | D:1      | Borgoz the Ghoul Monk began the quest for the Orb.
     0 | D:1      | Reached XP level 1. HP: 19/19 MP: 0/0
   247 | D:1      | Reached XP level 2. HP: 26/26 MP: 1/1
   506 | D:1      | Reached XP level 3. HP: 24/31 MP: 2/2
  1217 | D:2      | Reached skill level 1 in Armour
  1217 | D:2      | Reached skill level 4 in Unarmed Combat
  1355 | D:2      | Reached XP level 4. HP: 29/40 MP: 3/3
  1890 | D:2      | Found a radiant altar of Vehumet.
  1893 | D:2      | Found a basalt altar of Yredelemnul.
  2285 | D:3      | HP: 2/40 [something (3)]
  2287 | D:3      | Killed from afar by an orc wizard

Levels and vault maps discovered:
D:1:      psy_arrival_terrarium, layout_loops_ring
D:2:      layout_loops_corners, nicolae_overflow_hidden_temple, st_stairs_5
D:3:      layout_basic, makhleb_heckhound_becter, grunt_ministairs_15,
          feat_on_display

Skill      XL: |  1  2  3 |
---------------+----------+-----
Dodging        | 3 |  3.4
Armour         | 1 |  1.2
Unarmed Combat | 4 |  4.3
Fighting       | |  3.7
Stealth        | |  2.1

Action                   |  1- 3 |  4- 6 || total
-------------------------+-------+-------++-------
Melee: Unarmed           |   117 |    69 ||   186
       Punch             |     1 |       ||     1
  Use: Scroll            |     2 |     1 ||     3
 Stab: Sleeping          |     8 |     2 ||    10
  Eat: Chunk             |     1 |     8 ||     9
Armor: Robe              |     6 |       ||     6
       Ring mail         |    10 |     3 ||    13
       Leather armour    |       |     8 ||     8
Dodge: Dodged            |    61 |    40 ||   101

Table legend:
 A = Non-vault XP
 B = Vault XP
 C = Vault XP percentage of total XP
 D = Non-vault monster count
 E = Vault monster count
 F = Vault count percentage of total count
                 A         B        C        D         E       F
            +---------+---------+-------+---------+---------+-------
      Total |     128 |       2 |   1.5 |      51 |       2 |   3.8
            +---------+---------+-------+---------+---------+-------
        D:1 |      45 |       0 |   0.0 |      23 |       0 |   0.0
        D:2 |      74 |       2 |   2.6 |      24 |       2 |   7.7
        D:3 |       9 |       0 |   0.0 |       4 |       0 |   0.0
            +---------+---------+-------+---------+---------+-------
